 Dungeon Crawl Stone Soup version 0.17-a0-1719-g1afd5a1 (webtiles) character file.

106 shakdrar the Agent of Entropy (level 4, -4/37 HPs)
             Began as a Demonspawn Abyssal Knight on Aug 28, 2015.
             Was a Priest of Lugonu.
             Slain by a scorpion (9 damage)
             ... on level 3 of the Dungeon.
             The game lasted 00:11:24 (3587 turns).

shakdrar the Agent of Entropy (DsAK)                Turns: 3587, Time: 00:11:24

Health: -4/37      AC:  3    Str: 17    XL:     4   Next: 55%
Magic:  7/7        EV: 11    Int: 13    God:    Lugonu [***...]
Gold:   98         SH:  0    Dex: 13    Spells: 0 memorised, 3 levels left

rFire  . . .     SeeInvis .     a - +1 spear
rCold  . . .     Clarity  .     b - +0 leather armour
rNeg   + . .     SustAt   .     (no shield)
rPois  .         Gourm    .     (no helmet)
rElec  .         Spirit   .     (no cloak)
rCorr  .         Warding  +     (no gloves)
rMut   .         Stasis   .     (no boots)
MR     .....                    h - amulet of warding
Stlth  +.........               (no ring)
                                d - +4 ring of strength

@: lethally poisoned (-4 -> -21), not resistant to hostile enchantments, very
unstealthy
A: talons 1
a: Depart the Abyss, Bend Space, Banish, Renounce Religion


You were on level 3 of the Dungeon.
You worshipped Lugonu.
Lugonu was most pleased with you.
You were not hungry.

You visited 1 branch of the dungeon, and saw 3 of its levels.
You visited the Abyss 1 time.

You collected 98 gold pieces.

Inventory:

Hand weapons
 a - a +1 spear (weapon)
Missiles
 f - 26 poisoned needles
Armour
 b - a +0 leather armour (worn)
Jewellery
 d - a +4 ring of strength (left hand)
 h - an amulet of warding (around neck)
 i - an uncursed ring of sustain attributes
 k - a +2 ring of protection {unknown}
 n - an uncursed amulet of stasis (quivered)
Scrolls
 g - a scroll of recharging
 j - 3 scrolls of remove curse
 l - 2 scrolls of blinking
Potions
 e - a potion of brilliance
Comestibles
 c - a bread ration
 m - a slice of pizza


   Skills:
 + Level 3.8 Fighting
 + Level 3.1 Polearms
 - Level 1.7 Armour
 - Level 0.8 Dodging
 + Level 4.0 Invocations


You had 3 spell levels left.
You didn't know any spells.

Dungeon Overview and Level Annotations

Branches:
Dungeon (3/15)

Altars:


Innate Abilities, Weirdness & Mutations

You have sharp toenails.


Message History

You hit the scorpion.
You claw the scorpion, but do no damage.
The scorpion is severely wounded.
You feel sick. The scorpion barely misses you.
You hit the scorpion but do no damage.
The scorpion is severely wounded.
The scorpion stings you!
* * * LOW HITPOINT WARNING * * *
You are lethally poisoned!
The scorpion poisons you!
You hit the scorpion but do no damage.
The scorpion is severely wounded.
* * * LOW HITPOINT WARNING * * *
You feel sick.
The scorpion stings you but does no damage.
You hit the scorpion but do no damage.
The scorpion is severely wounded.
* * * LOW HITPOINT WARNING * * *
You feel sick. The scorpion stings you!
You die...

......)).............###.#.......
##...(.)..#####'#....# #.#.......
##........# ###.#....###.........
##........# #...#....#.......##..
##........# #...#....'......†##..
########### #...##...#....(..##..
....# ###.##...........##.. ....#
...###'##......#...###.. ....###
.......s@.......##).###.. .......
................#.†......
.......#................#........
####...####.............#........
####...# #........#......#>.....
..##...# ###########......##.....
..##...###....# ..... ...##
..............+ ...# ...#
........##.†..# #.....


You could see a scorpion.

Vanquished Creatures
  A gnoll (D:1)
  An adder (D:2)
  2 oozes (D:1)
  3 worms
  5 orcs (D:3)
  A ball python (D:3)
  6 giant cockroaches
  8 goblins
  14 hobgoblins
  A quokka (D:3)
  A giant gecko (D:1)
  8 giant newts
  8 kobolds
  9 rats
68 creatures vanquished.

Notes
Turn   | Place    | Note
--------------------------------------------------------------
     0 | Abyss:1  | shakdrar the Demonspawn Abyssal Knight began the quest for the Orb.
     0 | Abyss:1  | Reached XP level 1. HP: 18/18 MP: 2/2
    16 | D:1      | Escaped the Abyss
   377 | D:1      | Gained mutation: You have sharp toenails. [demonic ancestry]
   377 | D:1      | Reached XP level 2. HP: 17/24 MP: 4/4
   885 | D:1      | Acquired Lugonu's second power
   889 | D:1      | Reached XP level 3. HP: 26/29 MP: 5/5
  1955 | D:2      | Reached XP level 4. HP: 33/35 MP: 6/6
  2248 | D:2      | Found a faded altar to an unknown god.
  2604 | D:2      | Acquired Lugonu's third power
  3163 | D:3      | Reached skill level 4 in Invocations
  3587 | D:3      | Slain by a scorpion

Vault maps used:
D:1:      nicolae_arrival_somewhat_less_tricky_arrival
D:2:      ecumenical_altar_1

Action                   |  1- 3 |  4- 6 || total
-------------------------+-------+-------++-------
Melee: Spear             |   141 |   130 ||   271
  Use: Scroll            |     4 |     5 ||     9
       Potion            |     1 |     3 ||     4
 Stab: Sleeping          |     1 |       ||     1
  Eat: Bread ration      |     1 |     1 ||     2
       Chunk             |     1 |       ||     1
